 Dungeon Crawl Stone Soup version 0.20.1-1-g8b1a95d (webtiles) character file.

152887 dohliylev the Unseen (level 17, 0/115 HPs)
             Began as a Vampire Enchanter on Dec 24, 2017.
             Was the Champion of Makhleb.
             Killed from afar by Aizul (22 damage)
             ... with a bolt of poison
             ... on level 1 of the Elven Halls.
             The game lasted 03:59:25 (38738 turns).

dohliylev the Unseen (Vampire Enchanter)           Turns: 38738, Time: 03:59:26

Health: 0/115      AC: 12    Str: 13    XL:     17   Next: 3%
Magic:  40/42      EV: 25    Int: 23    God:    Makhleb [******]
Gold:   1065       SH:  6    Dex: 19    Spells: 4/40 levels left

rFire    + + +     SeeInvis +   a - +4 dagger of Hiodghem {venom, rF+++ Int-4 Dex+4}
rCold    . . .     Gourm    .   e - +0 buckler "Ywolanea" {Str+6}
rNeg     + . .     Faith    .   Z - +2 robe {MR+}
rPois    .         Spirit   .   O - +2 helmet {Int+3}
rElec    .         Reflect  .   u - +2 cloak
rCorr    .         Harm     .   G - +0 pair of gloves
MR       ++...                  V - +0 pair of boots
Stlth    +++++++...             H - amulet of magic regeneration
Regen    1.3/turn               C - ring of magical power
MPRegen  0.5/turn               I - +5 ring of slaying

@: lethally poisoned (0 -> -2), about to teleport, regenerating, studying Ice
Magic
A: fangs 3, see invisible, unbreathing
a: Bat Form, Minor Destruction, Lesser Servant of Makhleb, Major Destruction,
Greater Servant of Makhleb, Renounce Religion


You were on level 1 of the Elven Halls.
You worshipped Makhleb.
Makhleb was exalted by your worship.
You were not thirsty.

You visited 5 branches of the dungeon, and saw 28 of its levels.
You also visited: Labyrinth, Sewer and Ice Cave.

You collected 2327 gold pieces.
You spent 1262 gold pieces at shops.

Inventory:

Hand Weapons
 a - the +4 dagger of Hiodghem (weapon) {venom, rF+++ Int-4 Dex+4}
   (You bought it in a shop on level 6 of the Dungeon)

   It poisons the flesh of those it strikes.
   It affects your intelligence (-4).
   It affects your dexterity (+4).
   It renders you almost immune to fire.
 g - a +0 quick blade of flaming
Armour
 e - the +0 buckler "Ywolanea" (worn) {Str+6}
   (You bought it in a shop on level 6 of the Dungeon)

   It affects your strength (+6).
 s - the +0 robe "Bunewoel" {rF++}
   (You bought it in a shop on level 2 of the Orcish Mines)

   It greatly protects you from fire.
 u - a +2 cloak (worn)
 G - a +0 pair of gloves (worn)
 O - a +2 helmet of intelligence (worn)
 V - a +0 pair of boots (worn)
 Z - a +2 robe of magic resistance (worn)
Magical Staves
 b - an uncursed staff of wizardry
Jewellery
 c - the ring of Equivalence {+Inv rPois}
   (You took it off a minotaur in a labyrinth)

   [ring of poison resistance]

   It protects you from poison.
   It lets you turn invisible.
 C - a ring of magical power (left hand)
 H - an amulet of magic regeneration (around neck)
 I - a +5 ring of slaying (right hand)
 K - a +3 amulet of reflection
 Q - an uncursed ring of resist corrosion
 R - an uncursed amulet of regeneration
 W - an uncursed ring of poison resistance
 X - an uncursed amulet of rage
Wands
 p - a wand of digging (7/24)
Scrolls
 d - 2 scrolls of fear
 h - 6 scrolls of amnesia
 i - 3 scrolls of teleportation
 k - 5 scrolls of enchant weapon
 l - 6 scrolls of recharging
 o - a scroll of summoning
 w - 5 scrolls of blinking
 y - 3 scrolls of fog
 A - 2 scrolls of magic mapping
 B - 4 scrolls of remove curse
 E - 9 scrolls of enchant armour
 J - a scroll of silence
 S - 8 scrolls of identify
Potions
 f - 4 potions of might
 j - 5 potions of berserk rage
 m - a potion of resistance
 n - 2 potions of haste
 q - a potion of cancellation
 r - 2 potions of invisibility
 t - 2 potions of ambrosia
 v - 7 potions of agility
 x - 3 potions of magic
 z - 3 potions of brilliance
 D - a potion of flight
 F - a potion of heal wounds
 P - 2 potions of curing
 U - a potion of blood
Books
 N - a manual of Ice Magic
 T - a book of Enchantments

   Spells                             Type                      Level
   a - Cause Fear                     Hexes                        4
   b - Yara's Violent Unravelling     Hexes/Transmutation          5
   c - Silence                        Hexes/Air                    5
   d - Deflect Missiles               Charms/Air                   6
   e - Discord                        Hexes                        8
 Y - a book of Frost

   Spells                             Type                      Level
   a - Freeze                         Ice                          1
   b - Throw Frost                    Conjuration/Ice              2
   c - Ozocubu's Armour               Charms/Ice                   3
   d - Throw Icicle                   Conjuration/Ice              4
   e - Summon Ice Beast               Ice/Summoning                4
Miscellaneous
 L - a phial of floods
 M - a lamp of fire


   Skills:
 - Level 5.2 Fighting
 - Level 8.2 Short Blades
 - Level 0.2 Staves
 - Level 15.0 Dodging
 - Level 17.0 Stealth
 - Level 4.0 Shields
 - Level 12.0 Spellcasting
 - Level 15.0 Hexes
 + Level 0.4 Translocations
 - Level 0.9 Transmutations
 + Level 12.2 Ice Magic
 + Level 13.3 Invocations


You had 4 spell levels left.
You knew the following spells:

 Your Spells              Type           Power        Failure   Level  Hunger
a - Dazzling Spray        Conj/Hex       #####.       1%          3    None
b - Ensorcelled Hibernat  Hex/Ice        ######       1%          2    None
c - Confuse               Hex            ######..     1%          3    None
d - Invisibility          Hex            ######..     1%          6    #####..
e - Regeneration          Chrm/Necr      ##........   14%         3    None
f - Spectral Weapon       Hex/Chrm       #####...     1%          3    None
g - Passwall              Tmut/Erth      ###.......   6%          2    None
h - Cause Fear            Hex            ######....   1%          4    None
i - Discord               Hex            ######....   52%         8    #######
j - Blink                 Tloc           N/A          6%          2    None


Dungeon Overview and Level Annotations

Branches:
Dungeon (15/15)              Lair (6/6) D:11          Swamp (0/4) Lair:3
 Spider (4/4) Lair:3        Slime (0/5) Lair:6          Orc (2/2) D:9
    Elf (1/3) Orc:2        Vaults (0/5) D:14         Depths (0/5) D:15
 Temple: D:4-7

Altars:
Dithmenos
Elyvilon
Hepliaklqana
Makhleb
Qazlal
Ru
Trog
Zin

Shops:
D:4 %   D:6 ?([[(   D:7 ?   Orc:1 (   Orc:2 =*[(

Annotations:
Elf:1 Aizul


Innate Abilities, Weirdness & Mutations

You have razor-sharp teeth.
You have supernaturally acute eyesight. (SInv)
You can survive without breathing.


Message History

You are lethally poisoned!
* * * LOW HITPOINT WARNING * * *
Your ufetubus barely misses the air elemental.
Your ufetubus hits the air elemental but does no damage.
Your ynoxinul hits the air elemental! Your ufetubus hits the air elemental.
Your ufetubus closely misses the air elemental.
* * * LOW HITPOINT WARNING * * *
You feel very sick.
Casting: Ensorcelled Hibernation
Confirm with . or Enter, or press ? or * to list all spells.
Your skin crawls.
* * * LOW HITPOINT WARNING * * *
You feel very sick.
You feel better.
Your neqoxec hits Aizul.
As you read the scroll of teleportation, it crumbles to dust.
You feel strangely unstable. Something barely misses your neqoxec.
Aizul casts a spell at you. The bolt of poison hits your neqoxec.
The bolt of poison hits you!
You are poisoned.
You die...

#+#)......###
#...........#
#........)..#
#...........########
#..%........'......+
#...........########
#...........#
#S3.........#
##'#@......########
##.####...##'###...###
###+####.##
#######'.......+
#.....#S## #..........
#....5E## #..........
#.....53# #..........
#.......# #..........
#.......# #..........
##.....## #..........


You could see Aizul and a friendly neqoxec.

Vanquished Creatures
  Agnes (Spider:1)
  The ghost of dstrtn the Fetichist, an adept OpAE of Elyvilon (Spider:2)
  Donald (Orc:2)
  2 orc warlords (Orc:2)
  An emperor scorpion (Spider:2)
  Louise (D:15)
  A stone giant (Orc:1)
  4 entropy weavers
  An ettin (D:15)
  A yaktaur captain (D:13)
  A minotaur (Lab)
  A fire dragon (Lair:6)
  4 vault guards (D:14)
  4 hydras
  2 catoblepae
  3 centaur warriors
  11 two-headed ogres
  A queen ant (Spider:1)
  4 orc high priests (Orc:2)
  2 tengu warriors
  A skeletal warrior (D:14)
  5 unseen horrors
  2 wizards
  A harpy (shapeshifter) (Elf:1)
  A swamp dragon (Lair:6)
  A deep elf archer (Elf:1)
  8 orb spiders
  10 deep elf magi
  4 orc knights
  6 orc sorcerers
  10 ugly things
  10 wolf spiders
  7 cyclopes
  3 manticores
  3 centaur zombies
  3 slime creatures
  12 elephants (Lair:6)
  3 ice statues (IceCv)
  3 black mambas (Lair:5)
  A torpor snail (Lair:6)
  4 gargoyles (Lab)
  21 spiny frogs
  An eye of devastation (Lair:6)
  13 demonic crawlers
  10 komodo dragons
  An efreet (D:9)
  2 ice devils (Orc:1)
  5 rime drakes
  A queen bee (shapeshifter) (D:15)
  22 jumping spiders
  16 trolls
  A hornet (shapeshifter) (D:13)
  6 hornets
  A polar bear (Lair:5)
  Prince Ribbit (D:7)
  8 blink frogs
  6 hippogriffs
  A hippogriff (shapeshifter) (D:9)
  47 redbacks
  11 spriggans (D:14)
  An air elemental (Elf:1)
  27 tarantellas
  3 shadows
  48 yaks
  A water elemental (Elf:1)
  3 fire elementals (Elf:1)
  5 basilisks
  2 wyverns
  3 steam dragons
  10 hungry ghosts
  A vampire mosquito (D:14)
  5 wargs
  23 soldier ants
  6 swamp worms (Lair:3)
  The ghost of wojtek the Grave Robber, an amateur KoNe of Xom (D:3)
  An acid dragon (D:13)
  2 hell hounds (D:11)
  14 water moccasins
  9 porcupines
  3 black bears
  10 ice beasts
  9 phantoms
  6 sky beasts
  41 orc warriors
  3 eyes of draining
  4 boggarts (D:14)
  3 necrophages
  14 ogres
  9 wolves
  10 centaurs
  A big kobold (D:10)
  12 crocodiles
  25 bullfrogs
  An earth elemental (Lab)
  4 scorpions
  A water moccasin skeleton (D:11)
  12 killer bees
  14 wights
  2 howler monkeys (D:11)
  2 electric eels
  A bullfrog zombie (D:10)
  A crimson imp (D:9)
  3 jellies
  Crazy Yiuf (D:6)
  33 orc priests
  2 bullfrog skeletons
  4 centaur skeletons
  6 hounds
  43 orc wizards
  3 iguanas
  29 worker ants
  Natasha (thrice) (D:3)
  A killer bee zombie (D:10)
  2 hound skeletons
  2 worker ant zombies
  A howler monkey zombie (D:7)
  6 gnolls
  23 adders
  5 river rats (Sewer)
  3 shadow imps
  3 oozes
  2 adder zombies (D:6)
  4 worms (D:2)
  5 leopard geckos
  108 orcs
  4 giant cockroaches
  2 goblins
  9 hobgoblins
  2 jackals (D:6)
  17 kobolds
  5 quokkas
  12 ball pythons (Sewer)
  10 bats
  7 frilled lizards
  A leopard gecko zombie (D:7)
  24 rats
1057 creatures vanquished.

Vanquished Creatures (collateral kills)
  Arachne (Spider:2)
  An entropy weaver (Spider:2)
  An ogre mage (D:15)
  A centaur warrior (D:13)
  A spriggan (D:14)
  3 orb spiders (Spider:2)
  2 wolf spiders (Spider:2)
  A centaur skeleton (D:15)
  A demonic crawler (Spider:4)
  2 jumping spiders (Spider:2)
  A hornet (D:14)
  2 tarantellas
  4 redbacks (Spider:2)
  A porcupine (Lair:2)
  2 centaurs (D:13)
  4 wolves (Lair:2)
  2 orc priests (Orc:2)
  3 orc wizards (Orc:2)
  3 orcs (Orc:2)
36 creatures vanquished.

Vanquished Creatures (others)
  A lindwurm (Lair:6)
  A redback (Spider:1)
  2 orcs
  5 fungi
  4 plants
  4 spectral weapons
17 creatures vanquished.

Grand Total: 1110 creatures vanquished

Notes
Turn   | Place    | Note
-------+----------+-------------------------------------------
     0 | D:1      | dohliylev the Vampire Enchanter began the quest for the Orb.
     0 | D:1      | Reached XP level 1. HP: 13/13 MP: 3/3
   206 | D:1      | Reached skill level 5 in Stealth
   232 | D:1      | Reached XP level 2. HP: 13/19 MP: 1/5
   236 | D:1      | Learned a level 2 spell: Ensorcelled Hibernation
   565 | D:1      | Reached skill level 6 in Stealth
   747 | D:2      | Reached XP level 3. HP: 24/24 MP: 1/6
   755 | D:2      | Learned a level 3 spell: Confuse
   832 | D:2      | Reached skill level 5 in Hexes
  1009 | D:2      | HP: 1/24 [ooze (4)]
  1296 | D:2      | Reached XP level 4. HP: 27/30 MP: 0/7
  1676 | D:3      | Reached skill level 7 in Stealth
  1783 | D:3      | Noticed Natasha
  2083 | D:3      | Killed Natasha
  2083 | D:3      | Reached XP level 5. HP: 35/35 MP: 5/8
  2113 | D:3      | Noticed Natasha
  2145 | D:2      | Reached skill level 8 in Stealth
  2372 | D:3      | Killed Natasha
  2528 | D:3      | Noticed Natasha
  2533 | D:3      | Killed Natasha
  2662 | D:3      | Noticed wojtek's ghost (amateur KoNe)
  2708 | D:3      | Killed wojtek's ghost
  2708 | D:3      | Reached XP level 6. HP: 38/41 MP: 6/9
  2721 | D:3      | Found a bloodstained altar of Trog.
  2924 | D:3      | Found a faded altar of an unknown god.
  2924 | D:3      | Found a white marble altar of Elyvilon.
  2929 | D:3      | Found a sacrificial altar of Ru.
  2931 | D:3      | Found a hazy altar of Hepliaklqana.
  2933 | D:3      | Found a faded altar of an unknown god.
  3136 | D:4      | HP: 2/41 [orc/hand axe (6)]
  3446 | D:3      | Reached skill level 5 in Short Blades
  3450 | D:3      | Reached XP level 7. HP: 38/46 MP: 3/10
  3926 | D:4      | Found Cuttot's Food Boutique.
  4633 | D:5      | Entered Level 5 of the Dungeon
  4663 | D:5      | Reached skill level 5 in Dodging
  4971 | D:5      | Found a glowing drain.
  4982 | Sewer    | Entered a sewer
  6090 | Sewer    | Reached XP level 8. HP: 27/52 MP: 0/11
  7262 | D:6      | Reached skill level 1 in Fighting
  7262 | D:6      | Reached skill level 9 in Stealth
  8022 | D:6      | Found Towaciz's Magic Scroll Shoppe.
  8036 | D:6      | Bought a scroll of identify for 28 gold pieces
  8036 | D:6      | Bought a scroll of identify for 28 gold pieces
  8036 | D:6      | Bought 3 scrolls of identify for 84 gold pieces
  8036 | D:6      | Bought a scroll of identify for 28 gold pieces
  8036 | D:6      | Bought a scroll of identify for 28 gold pieces
  8146 | D:6      | Found Biubyb's Antique Weapon Boutique.
  8280 | D:6      | Found Acith's Weapon Boutique.
  8298 | D:6      | Found Numaki's Armour Shop.
  8512 | D:6      | Reached skill level 10 in Stealth
  8512 | D:6      | Reached XP level 9. HP: 48/59 MP: 7/15
  8680 | D:6      | Found Edolaaxt's Armour Shoppe.
  8876 | D:6      | Found a runed door.
  8880 | D:6      | Noticed Crazy Yiuf
  8883 | D:6      | Killed Crazy Yiuf
  9189 | D:7      | Reached skill level 5 in Spellcasting
  9203 | D:7      | Noticed Prince Ribbit
  9210 | D:7      | Got a slimy short sword
  9229 | D:7      | Reached skill level 11 in Stealth
  9339 | D:6      | Identified the cursed +0 short sword of Meh Dips {flame, Int+3} (You found it on level 7 of the Dungeon)
  9356 | D:7      | Killed Prince Ribbit
  9559 | D:7      | Reached skill level 12 in Stealth
  9643 | D:7      | Found a stormy altar of Qazlal.
  9828 | D:7      | Found a burning altar of Makhleb.
  9828 | D:7      | Noticed a green death
  9831 | D:7      | Noticed a hellwing
  9831 | D:7      | Noticed a hellwing
  9833 | D:7      | Became a worshipper of Makhleb the Destroyer
  9943 | D:7      | Reached skill level 13 in Stealth
 10055 | D:7      | Found Labu's Magic Scroll Shoppe.
 10063 | D:7      | Bought a scroll of identify for 22 gold pieces
 10063 | D:7      | Bought a scroll of identify for 22 gold pieces
 10063 | D:7      | Bought a scroll of identify for 22 gold pieces
 10063 | D:7      | Bought a scroll of identify for 22 gold pieces
 10063 | D:7      | Bought a scroll of remove curse for 33 gold pieces
 10571 | D:8      | Reached skill level 14 in Stealth
 10623 | D:8      | Reached XP level 10. HP: 70/70 MP: 14/17
 10659 | D:8      | Learned a level 3 spell: Dazzling Spray
 11217 | D:8      | Reached skill level 15 in Stealth
 11657 | D:8      | Reached * piety under Makhleb
 11798 | D:9      | Reached skill level 5 in Fighting
 11925 | D:9      | Found a glowing silver altar of Zin.
 11929 | D:9      | Noticed a two-headed ogre
 11948 | D:9      | Killed a two-headed ogre
 12114 | D:9      | Reached skill level 10 in Hexes
 12127 | D:9      | Reached skill level 1 in Invocations
 12325 | D:9      | Learned a level 6 spell: Invisibility
 12332 | D:9      | Noticed a deep elf mage
 12380 | D:9      | Reached ** piety under Makhleb
 12485 | D:9      | Noticed a death knight
 12497 | D:9      | Killed a deep elf mage
 12497 | D:9      | Reached XP level 11. HP: 78/78 MP: 4/18
 12608 | D:9      | Noticed a purple ugly thing
 12623 | D:9      | Killed a purple ugly thing
 12648 | D:9      | Got an ebony glaive
 12649 | D:9      | Identified the +5 glaive "Lifebane" {flame, MR+ Str+3 Stlth+} (You found it on level 9 of the Dungeon)
 12931 | D:9      | Found a staircase to the Orcish Mines.
 13026 | D:10     | Entered Level 10 of the Dungeon
 13173 | D:10     | Noticed a centaur warrior
 13292 | D:9      | Found a shadowy altar of Dithmenos.
 13705 | D:6      | Bought a fine dagger for 217 gold pieces
 13705 | D:6      | Identified the +4 dagger of Hiodghem {venom, rF+++ Int-4 Dex+4} (You bought it in a shop on level 6 of the Dungeon)
 14213 | D:10     | Killed a centaur warrior
 14291 | D:10     | Learned a level 3 spell: Regeneration
 14295 | D:10     | Learned a level 3 spell: Spectral Weapon
 14391 | D:10     | Reached *** piety under Makhleb
 15199 | D:10     | Reached skill level 15 in Hexes
 15396 | D:11     | Found a staircase to the Lair.
 15425 | D:11     | Noticed a two-headed ogre
 15431 | D:11     | Killed a two-headed ogre
 15442 | D:11     | Noticed a green ugly thing
 15445 | D:11     | Noticed a cyan ugly thing
 15447 | D:11     | Killed a green ugly thing
 15451 | D:11     | Killed a cyan ugly thing
 15451 | D:11     | Reached **** piety under Makhleb
 15499 | D:11     | Noticed a two-headed ogre
 15508 | D:11     | Killed a two-headed ogre
 15508 | D:11     | Reached skill level 5 in Invocations
 15508 | D:11     | Reached XP level 12. HP: 84/84 MP: 0/19
 15545 | D:11     | Noticed a six-headed hydra
 15560 | D:11     | Killed a six-headed hydra
 15586 | D:11     | Noticed an eight-headed hydra
 15800 | D:11     | Killed an eight-headed hydra
 16177 | D:11     | Noticed a two-headed ogre
 16187 | D:11     | Killed a two-headed ogre
 16643 | D:12     | Found a sacrificial altar of Ru.
 16963 | D:12     | Noticed a two-headed ogre
 16976 | D:12     | Killed a two-headed ogre
 17252 | D:12     | Reached skill level 10 in Dodging
 17366 | D:13     | Noticed a yaktaur captain
 17368 | D:13     | Noticed a sphinx
 17383 | D:13     | Killed a yaktaur captain
 17418 | D:13     | Paralysed by a sphinx for 5 turns
 17507 | D:13     | Paralysed by a sphinx for 5 turns
 17521 | D:12     | HP: 4/84 [sphinx (5)]
 17662 | Lair:1   | Entered Level 1 of the Lair of Beasts
 17707 | Lair:1   | Noticed an eight-headed hydra
 17712 | Lair:1   | Killed an eight-headed hydra
 17978 | Lair:1   | Reached XP level 13. HP: 91/91 MP: 14/20
 19117 | Lair:2   | You fall through a shaft!
 19693 | D:6      | Bought the cursed +0 buckler "Ywolanea" {Str+6} for 274 gold pieces
 19891 | Lair:3   | Found a hole to the Spider Nest.
 20980 | Lair:3   | Found a staircase to the Swamp.
 22125 | Lair:5   | Found a labyrinth entrance.
 22134 | Lab      | Entered a labyrinth
 22624 | Lab      | Reached skill level 15 in Dodging
 22630 | Lab      | Reached skill level 1 in Shields
 22881 | Lab      | Noticed a minotaur
 22895 | Lab      | Killed a minotaur
 22897 | Lab      | Got a clouded ivory ring
 22907 | Lab      | Identified the Guide on Summoning
 22913 | Lab      | Identified the ring of Equivalence {+Inv rPois} (You took it off a minotaur in a labyrinth)
 23609 | Lair:6   | Entered Level 6 of the Lair of Beasts
 23647 | Lair:6   | Reached XP level 14. HP: 98/98 MP: 21/21
 23811 | Lair:6   | Reached skill level 16 in Stealth
 24047 | Lair:6   | Found a staircase to the Slime Pits.
 24396 | Lair:6   | Reached ***** piety under Makhleb
 25124 | Lair:6   | Learned a level 2 spell: Passwall
 25505 | Orc:1    | Entered Level 1 of the Orcish Mines
 25545 | Orc:1    | Found a frozen archway.
 25629 | IceCv    | Entered an ice cave
 26115 | IceCv    | Identified the Compendium of Clay
 26485 | Orc:1    | Found Kuewnosi's Weapon Boutique.
 26573 | Orc:2    | Entered Level 2 of the Orcish Mines
 26600 | Orc:2    | Reached skill level 10 in Invocations
 26698 | Orc:2    | Noticed an orc warlord
 26908 | Orc:1    | Noticed a stone giant
 27134 | Orc:1    | Killed a stone giant
 27278 | Orc:2    | Noticed Donald
 27285 | Orc:2    | Killed Donald
 27305 | Orc:2    | Noticed an orc warlord
 27907 | Orc:2    | Paralysed by an orc sorcerer for 3 turns
 27954 | Orc:2    | Killed an orc warlord
 28017 | Orc:2    | Reached ****** piety under Makhleb
 28399 | Orc:2    | Found a staircase to the Elven Halls.
 28611 | Orc:2    | Reached XP level 15. HP: 103/103 MP: 24/24
 28689 | Orc:2    | Killed an orc warlord
 28947 | Orc:2    | Learned a level 4 spell: Cause Fear
 29046 | Orc:2    | Found Amooquc's General Store.
 29047 | Orc:2    | Found Uklo's Jewellery Boutique.
 29049 | Orc:2    | Found Ymokkack's Antique Armour Shop.
 29049 | Orc:2    | Found Offauv's Antique Weapon Shop.
 29054 | Orc:2    | Bought a shiny helmet for 150 gold pieces
 29054 | Orc:2    | Bought a steaming robe for 114 gold pieces
 29054 | Orc:2    | Bought an ancient helmet for 190 gold pieces
 29085 | Orc:2    | Identified the +0 robe "Bunewoel" {rF++} (You bought it in a shop on level 2 of the Orcish Mines)
 29105 | Orc:2    | Identified the +1 helmet "Zeull" {rPois Regen+ Str+4} (You bought it in a shop on level 2 of the Orcish Mines)
 30729 | D:14     | Found a gate to the Vaults.
 30915 | D:14     | Reached skill level 1 in Ice Magic
 30970 | D:14     | Reached skill level 17 in Stealth
 31279 | D:14     | Reached skill level 10 in Spellcasting
 31292 | D:14     | Learned a level 8 spell: Discord
 32289 | D:15     | Entered Level 15 of the Dungeon
 32309 | D:15     | Reached skill level 5 in Ice Magic
 32329 | D:15     | Noticed Louise
 32337 | D:15     | Killed Louise
 32865 | D:15     | Found a staircase to the Depths.
 33276 | D:15     | Reached XP level 16. HP: 109/109 MP: 31/31
 33502 | Spider:1 | Entered Level 1 of the Spider Nest
 33526 | Spider:1 | Noticed Agnes
 33574 | Spider:1 | Killed Agnes
 33898 | Lair:3   | HP: 1/109 [entropy weaver (9)]
 34708 | Lair:2   | Learned a level 2 spell: Blink
 36216 | Spider:2 | Noticed dstrtn's ghost (adept OpAE)
 36553 | Spider:2 | Killed dstrtn's ghost
 36857 | Spider:2 | Noticed Arachne
 36859 | Spider:2 | Reached skill level 10 in Ice Magic
 36897 | Spider:2 | Killed Arachne
 37720 | Spider:4 | Entered Level 4 of the Spider Nest
 38086 | Spider:4 | HP: 1/109 [wolf spider[a Zot trap] (7)]
 38404 | Elf:1    | Entered Level 1 of the Elven Halls
 38552 | Elf:1    | Reached XP level 17. HP: 115/115 MP: 33/33
 38721 | Elf:1    | Noticed Aizul
 38738 | Elf:1    | Killed from afar by Aizul

Skill      XL: |  1  2  3  4  5  6  7  8  9 10 11 12 13 14 15 16 |
---------------+-------------------------------------------------+-----
Stealth        | 5 6 7 8 10 14 15 16 17 | 17.0
Hexes          | 6 10 15 | 15.0
Short Blades   | 3 5 8 |  8.2
Dodging        | 3 7 8 11 15 | 15.0
Fighting       | 1 3 5 |  5.2
Spellcasting   | 4 5 6 11 12 | 12.0
Invocations    | 2 5 7 11 13 | 13.3
Shields        | 3 4 |  4.0
Ice Magic      | 6 12 | 12.2
Staves         | |  0.2
Translocations | |  0.4
Transmutations | |  0.9

Action                   |  1- 3 |  4- 6 |  7- 9 | 10-12 | 13-15 | 16-18 || total
-------------------------+-------+-------+-------+-------+-------+-------++-------
Melee: Dagger            |   119 |   178 |   388 |   223 |   937 |   381 ||  2226
       Bite              |     5 |    11 |    21 |    23 |   106 |    42 ||   208
       Short sword       |       |       |    53 |   152 |       |       ||   205
       Quick blade       |       |       |       |       |       |    10 ||    10
 Cast: Corona            |     8 |     2 |       |       |       |       ||    10
       Ensorcelled Hiber |    30 |    55 |   135 |   222 |   343 |   154 ||   939
       Confuse           |       |     1 |    49 |    40 |   149 |    60 ||   299
       Dazzling Spray    |       |       |       |     8 |    21 |    13 ||    42
       Spectral Weapon   |       |       |       |     1 |     3 |     6 ||    10
       Invisibility      |       |       |       |     1 |     6 |     5 ||    12
       Regeneration      |       |       |       |       |     5 |    29 ||    34
       Blink             |       |       |       |       |       |     1 ||     1
Invok: Minor Destruction |       |       |       |    13 |   139 |   125 ||   277
       Lesser Servant of |       |       |       |       |    20 |    12 ||    32
       Major Destruction |       |       |       |       |     3 |     1 ||     4
       Greater Servant o |       |       |       |       |       |     2 ||     2
 Abil: End Transformatio |       |       |       |     1 |     2 |     1 ||     4
       Bat Form          |       |       |       |     1 |     2 |     1 ||     4
       Evoke Berserk Rag |       |       |       |       |     1 |     1 ||     2
Evoke: Lamp of fire      |       |       |       |     1 |       |       ||     1
  Use: Potion            |       |     1 |    10 |     4 |    14 |    21 ||    50
       Scroll            |       |       |    23 |     9 |    20 |    11 ||    63
 Stab: Sleeping          |    22 |    34 |    90 |   141 |   217 |   121 ||   625
       Confused          |       |     2 |    22 |    16 |    68 |    21 ||   129
       Invisible         |       |       |       |     1 |    44 |    14 ||    59
       Distracted        |       |       |       |       |     4 |     4 ||     8
       Held in net/web   |       |       |       |       |       |     2 ||     2
  Eat: Corpse            |    11 |    10 |    29 |    21 |    39 |     4 ||   114
Armor: Robe              |    26 |    10 |    54 |     5 |    35 |    74 ||   204
       Troll leather arm |       |       |       |    62 |    46 |       ||   108
Dodge: Dodged            |   100 |    77 |   392 |   328 |   711 |   465 ||  2073
Block: Buckler           |       |       |       |       |   151 |   122 ||   273
       Reflection        |       |       |       |       |     1 |       ||     1
